 Dungeon Crawl Stone Soup version 0.28-a0-828-g0121872642 (webtiles) character file.

Game seed: 17477171288228666691

158 ragingrage the Insei (level 5, -15/49 HPs)
             Began as a Naga Monk on Nov 10, 2021.
             Demolished by Crazy Yiuf (17 damage)
             ... on level 2 of the Dungeon.
             The game lasted 00:03:25 (2776 turns).

ragingrage the Insei (Naga Monk)                    Turns: 2776, Time: 00:03:26

Health: -15/49     AC:  3    Str: 14    XL:     5   Next: 39%
Magic:  5/5        EV: 10    Int: 10    God:
Gold:   69         SH:  0    Dex: 14    Spells: 4/4 levels left

rFire   . . .      SeeInvis +     - Unarmed
rCold   . . .      Faith    .   (no shield)
rNeg    . . .      Spirit   .   a - +0 robe
rPois   +          Reflect  .   (no helmet)
rElec   .          Harm     .   (no cloak)
rCorr   .          Rampage  .   f - +0 pair of gloves
Will    .....                   (no barding)
Stlth   ++........              (no amulet)
HPRegen 0.16/turn               (no ring)
MPRegen 0.09/turn               (no ring)

@: invisible, very slow
A: AC +1, large, see invisible, deformed body, poison resistance, slowness 2,
spit poison 1, naga tail 1
a: Spit Poison


You were on level 2 of the Dungeon.
You visited 1 branch of the dungeon, and saw 2 of its levels.

You collected 69 gold pieces.

Inventory:

Missiles
 e - 24 poisoned darts (quivered)
Armour
 a - a +0 robe (worn)
 f - a +0 pair of gloves (worn)
Jewellery
 g - a ring of fire
Scrolls
 b - a scroll of teleportation {unknown}
 d - a scroll of vulnerability {unknown}
 h - a scroll of identify {unknown}
Potions
 c - a potion of magic {unknown}


   Skills:
 - Level 3.0 Fighting
 - Level 2.4 Dodging
 - Level 3.0 Stealth
 * Level 5.9 Unarmed Combat


You had 4 spell levels left.
You didn't know any spells.
Your spell library was empty.

Dungeon Overview and Level Annotations

Branches:
Dungeon (2/15)

Altars:

Annotations:
D:2 Crazy Yiuf


Innate Abilities, Weirdness & Mutations

Your serpentine skin is tough. (AC +1)
You have supernaturally acute eyesight. (SInv)
Armour fits poorly on your strangely shaped body.
Your system is resistant to poisons. (rPois)
You cover ground very slowly.
You can spit poison.
You have a snake-like lower body.


Message History

Press: ? - help, Q - select action, (/) - cycle Shift-Dir - straight line, f/p - Crazy Yiuf
Aim: Crazy Yiuf, wielding a +2 quarterstaff of chaos and wearing a +0 cloak (poisoned, 63% to hit)
You throw a poisoned dart.
The poisoned dart closely misses Crazy Yiuf.
You have got your breath back.
Crazy Yiuf barely misses you.
Throw: 25 darts (poison)
Press: ? - help, Q - select action, (/) - cycle Shift-Dir - straight line, f/p - Crazy Yiuf
Aim: Crazy Yiuf, wielding a +2 quarterstaff of chaos and wearing a +0 cloak (lightly wounded, poisoned, 63% to hit)
You throw a poisoned dart. The poisoned dart hits Crazy Yiuf.
Crazy Yiuf looks even sicker.
Crazy Yiuf is lightly wounded.
Crazy Yiuf barely misses you.
You hit Crazy Yiuf but do no damage.
Crazy Yiuf is lightly wounded.
Crazy Yiuf hits you with a +2 quarterstaff of chaos!
Crazy Yiuf burns you.
* * * LOW HITPOINT WARNING * * *
You hit Crazy Yiuf but do no damage.
Crazy Yiuf is lightly wounded.
You hit Crazy Yiuf but do no damage.
Crazy Yiuf is lightly wounded.
Crazy Yiuf hits you with a +2 quarterstaff of chaos!
* * * LOW HITPOINT WARNING * * *
You fade into invisibility!
You closely miss Crazy Yiuf.
Crazy Yiuf is lightly wounded.
Crazy Yiuf twirls on the spot.
Crazy Yiuf closely misses you.
You closely miss Crazy Yiuf.
Crazy Yiuf is lightly wounded.
Crazy Yiuf hits you with a +2 quarterstaff of chaos.
* * * LOW HITPOINT WARNING * * *
You completely miss Crazy Yiuf.
Crazy Yiuf is moderately wounded.
You hit Crazy Yiuf.
Crazy Yiuf is moderately wounded.
Crazy Yiuf says, "Island broken head!"
Crazy Yiuf hits you with a +2 quarterstaff of chaos!
You die...

...........#
##..#####...........
##.....##..# #..).#
#.#####...##
#.....##>.# ♣)...♣
#...........
###.####..# ♣...♣♣
#.####...###
##.####..# ♣♣.♣♣ #.#
#.#.# #........# ♣.♣♣
#.# #.#.# #.#......#
♣♣.♣ #.# #.#.###
##..#.##.## ♣.♣♣ #.#
#.#.... ##..###.#.##
♣♣@♣ #.####.#....
...## ##...# #g#
#†.......###
##..###.#.## ...
#......###
###..#.##..# #...#
#.###### # #.#.###.##
#..)# #.# # #.#.....#
##### #.# # #(#..####
### ###.#..#########
###
..>...>.....÷..####.#


You could see Crazy Yiuf (poisoned).

Vanquished Creatures
  Natasha (thrice) (D:2)
  4 adders (D:2)
  A worm (D:2)
  2 dart slugs (D:2)
  4 endoplasms
  3 giant cockroaches
  A hobgoblin (D:1)
  3 quokkas
  8 ball pythons
  A bat (D:1)
  5 frilled lizards
  4 goblins
  6 kobolds
  5 rats
50 creatures vanquished.

Notes
Turn   | Place    | Note
-------+----------+-------------------------------------------
     0 | D:1      | ragingrage the Naga Monk began the quest for the Orb.
     0 | D:1      | Reached XP level 1. HP: 21/21 MP: 1/1
   179 | D:1      | Found a faded altar of an unknown god.
   344 | D:1      | Reached XP level 2. HP: 23/28 MP: 2/2
  1501 | D:2      | Reached skill level 4 in Unarmed Combat
  1517 | D:2      | Reached XP level 3. HP: 19/34 MP: 3/3
  1899 | D:2      | Noticed Natasha
  1909 | D:2      | Killed Natasha
  1910 | D:2      | Reached XP level 4. HP: 25/42 MP: 4/4
  2103 | D:2      | Noticed Natasha
  2112 | D:2      | Killed Natasha
  2113 | D:2      | Reached skill level 5 in Unarmed Combat
  2190 | D:2      | Noticed Natasha
  2209 | D:2      | Killed Natasha
  2210 | D:2      | Reached XP level 5. HP: 41/49 MP: 5/5
  2326 | D:2      | Found a runed translucent door.
  2327 | D:2      | Noticed Crazy Yiuf
  2772 | D:2      | HP: 2/49 [Crazy Yiuf (12)]
  2776 | D:2      | Demolished by Crazy Yiuf

Illustrated notes

Levels and vault maps discovered:
D:1:      dpeg_arrival_short_road, layout_basic,
          hellmonk_ecumenical_altar_pennies_from_heaven
D:2:      layout_loops_ring, minmay_shallow_snake_nest, uniq_crazy_yiuf_cottage,
          uniq_natasha

Skill      XL: |  1  2  3  4 |
---------------+-------------+-----
Unarmed Combat | 4 5 |  5.9
Fighting       | |  3.0
Dodging        | |  2.4
Stealth        | |  3.0

Action                   |  1- 3 |  4- 6 || total
-------------------------+-------+-------++-------
Melee: Unarmed           |    49 |    63 ||   112
       Punch             |       |     2 ||     2
Throw: Dart              |     2 |     8 ||    10
 Abil: Spit Poison       |    22 |    11 ||    33
 Stab: Sleeping          |     1 |       ||     1
Armor: Robe              |     3 |    13 ||    16
Dodge: Dodged            |    22 |    20 ||    42

Table legend: (Time is in decaauts)
 A = Elapsed time spent in this place.
 B = Non-inter-level travel time spent in this place.
 C = Inter-level travel time spent in this place.
 D = Time resting spent in this place.
 E = Time spent auto-exploring this place.
 F = Levels seen in this place.
 G = Mean time per level.
                   A        B        C        D        E       F      G
               +--------+--------+--------+--------+--------+-----+--------+
         Total |   3511 |   3448 |     63 |    321 |   2661 |   2 | 1755.5 |
       Dungeon |   3511 |   3448 |     63 |    321 |   2661 |   2 | 1755.5 |
               +--------+--------+--------+--------+--------+-----+--------+

Top non-repeatable levels by time:
     D:2: 1765 daAuts
     D:1: 1745 daAuts
